 Dungeon Crawl Stone Soup version 0.17.0-19-gb37c632 (console) character file.

48 Garrluk the Sneak (level 3, -2/14 HPs)
             Began as a Felid Air Elementalist on Nov 12, 2015.
             Killed from afar by an orc wizard (9 damage)
             ... with a magic dart
             ... on level 4 of the Dungeon.
             The game lasted 00:04:43 (1101 turns).

Garrluk the Sneak (Felid Air Elementalist)          Turns: 1101, Time: 00:04:43

Health: -2/14      AC:  1    Str:  4    XL:     3   Next: 50%
Magic:  0/7        EV: 24    Int: 17    God:
Gold:   59         SH:  0    Dex: 16    Spells: 3 memorised, 1 level left
                                        Lives:  0   Deaths: 0

rFire  . . .     SeeInvis +     (weapon unavailable)
rCold  . . .     Clarity  .     (armour unavailable)
rNeg   . . .     SustAt   .     (shield unavailable)
rPois  .         Gourm    .     (helmet unavailable)
rElec  .         Spirit   .     (cloak unavailable)
rCorr  .         Warding  .     (gloves unavailable)
rMut   .         Stasis   .     (boots unavailable)
MR     .....                    (no amulet)
Stlth  +++.......               (no ring)
                                g - +6 ring of evasion

@: very slightly contaminated, quick, not resistant to hostile enchantments,
fairly stealthy
A: no armour, no weapons or thrown items, claws 1, fangs 3, see invisible,
carnivore 3, speed 1, shaggy fur 1, slow metabolism 1, sharp paws
a: no special abilities


You were on level 4 of the Dungeon.
You were completely stuffed.

You visited 1 branch of the dungeon, and saw 3 of its levels.

You collected 59 gold pieces.

Notes
Turn   | Place    | Note
--------------------------------------------------------------
     0 | D:1      | Garrluk the Felid Air Elementalist began the quest for the Orb.
     0 | D:1      | Reached XP level 1. HP: 7/7 MP: 4/4
   114 | D:1      | Reached skill level 1 in Conjurations
   286 | D:1      | Reached skill level 3 in Stealth
   286 | D:1      | Reached XP level 2. HP: 11/11 MP: 0/6
   343 | D:1      | Learned a level 2 spell: Repel Missiles
   346 | D:1      | Learned a level 2 spell: Swiftness
  1028 | D:2      | You fall through a shaft for 2 floors!
  1070 | D:4      | Reached XP level 3. HP: 5/14 MP: 1/7
  1101 | D:4      | Killed from afar by an orc wizard

Inventory:

Jewellery
 g - a +6 ring of evasion (left paw)
   (You found it on level 1 of the Dungeon)
Books
 a - a book of Air

   Spells                             Type                      Level
   a - Shock                          Conjuration/Air              1
   b - Swiftness                      Charms/Air                   2
   c - Repel Missiles                 Charms/Air                   2
   d - Static Discharge               Conjuration/Air              3
   e - Lightning Bolt                 Conjuration/Air              5
Comestibles
 b - 2 meat rations
 c - 4 chunks of flesh
 f - a beef jerky

Table legend:
 A = Turns spent in this place as a percentage of turns spent in the entire game.
 B = Non-inter-level travel turns spent in this place as a percentage of non-inter-level travel turns spent in the entire game.
 C = Inter-level travel turns spent in this place as a percentage of turns spent in this place.
 D = Turns resting spent in this place as a percentage of non-inter-level travel turns spent in this place.
 E = Turns spent auto-exploring this place as a percentage of non-inter-level travel turns spent in this place.
 F = Non-inter-level travel turns spent in this place divided by the number of levels of this place that you've seen.
                   A       B       C       D       E      F
               +-------+-------+-------+-------+-------+----------------------
         Total | 100.0 | 100.0 |   0.6 |   0.6 |   6.5 | 108.3
       Dungeon | 100.0 | 100.0 |   0.6 |   0.6 |   6.5 | 108.3
               +-------+-------+-------+-------+-------+----------------------


   Skills:
 - Level 2.6 Dodging
 + Level 3.5 Stealth
 + Level 2.2 Spellcasting
 + Level 1.4 Conjurations
 * Level 3.4 Air Magic


You had one spell level left.
You knew the following spells:

 Your Spells              Type           Power        Failure   Level  Hunger
a - Shock                 Conj/Air       ##..         10%         1    #......
b - Repel Missiles        Chrm/Air       #.....       17%         2    ###....
c - Swiftness             Chrm/Air       #.......     17%         2    ###....


Dungeon Overview and Level Annotations

Branches:
Dungeon (4/15)
 Temple: D:4-7

Altars:


Innate Abilities, Weirdness & Mutations

You cannot wear armour.
You are incapable of wielding weapons or throwing items.
You have sharp claws.
You have razor-sharp teeth.
You have supernaturally acute eyesight.
You are carnivorous and can eat meat at any time.
You cover ground quickly.
You are covered in fur (AC +1).
You have a slow metabolism.
Your sharp claws are effective at attacking unaware monsters.


Message History

The orc wizard is lightly wounded.
You scratch the orc wizard but do no damage.
Your bite misses the orc wizard.
The orc wizard is lightly wounded.
The orc wizard barely misses you.
Casting: Shock
Confirm with . or Enter, or press ? or * to list all spells.
Aiming: Shock
Press: ? - help, Shift-Dir - straight line The zap hits the orc wizard.
The orc wizard is moderately wounded.
The zap hits the orc wizard.
The orc wizard is moderately wounded.
The orc wizard misses you.
You scratch the orc wizard.
The orc wizard is heavily wounded.
The orc wizard points at you and mumbles some strange words.
The magic dart hits you!
Ouch! That really hurt!
You die...

#.#...o.o.#
#.#.r.###.#
#.#.....#.#
#.#...).#.#.####
#.#.......o.o....
#o#....o#.#.####o
#.#.......#...
#.#....#.## #.#
#.#...##.# .#
#.##+# ... +
#.ro@# ... ######


You could see an orc wizard and a quokka.

Table legend:
 A = Kills in this place as a percentage of kills in entire the game.
 B = Kills by you in this place as a percentage of kills by you in the entire game.
 C = Kills by friends in this place as a percentage of kills by friends in the entire game.
 D = Other kills in this place as a percentage of other kills in the entire game.
 E = Experience gained in this place as a percentage of experience gained in the entire game.
 F = Experience gained in this place divided by the number of levels of this place that you have seen.
                   A       B       C       D       E      F
               +-------+-------+-------+-------+-------+----------------------
         Total | 100.0 | 100.0 |  -nan |  -nan | 100.0 |  23.0
       Dungeon | 100.0 | 100.0 |  -nan |  -nan | 100.0 |  23.0
               +-------+-------+-------+-------+-------+----------------------

Vanquished Creatures
  Monster Symbol All 'J'
  An ooze (D:1)
1 creature vanquished. All 'K' A kobold (D:1)
1 creature vanquished. All 'g' 5 hobgoblins (D:1) 2 goblins (D:1)
7 creatures vanquished. All 'h' A hound (D:4)
1 creature vanquished. All 'l' A giant newt (D:1)
1 creature vanquished. All 'o' An orc (D:4)
1 creature vanquished. All 'r' A rat (D:1)
1 creature vanquished.
13 creatures vanquished. Monster Nature Natural Monsters A hound (D:4) An ooze (D:1) An orc (D:4) 5 hobgoblins (D:1) A giant newt (D:1) 2 goblins (D:1) A kobold (D:1) A rat (D:1)
13 creatures vanquished.
13 creatures vanquished. Ascending Order A hound (D:4) An ooze (D:1) An orc (D:4) A giant newt (D:1) A rat (D:1) A kobold (D:1) 2 goblins (D:1) 5 hobgoblins (D:1)
13 creatures vanquished.

Action                   || total
-------------------------++-------
Melee: Unarmed           ||     5
 Cast: Shock             ||    42
  Use: Scroll            ||     2
 Stab: Sleeping          ||     1
       Distracted        ||     1
  Eat: Chunk             ||     8
